[Event "FTX Road to Miami Prelims 2022"]
[Site "Online"]
[Date "2022.07.04"]
[Round "1.1"]
[White "Shankland, Sam"]
[Black "Niemann, Hans Moke"]
[Result "0-1"]
[ECO "C88"]
[WhiteElo "2720"]
[BlackElo "2688"]
[Annotator "TA"]
[PlyCount "88"]
[EventDate "2022.07.10"]
[EventType "tourn"]
[EventCountry "NET"]
[SourceTitle "playchess.com"]
[Source "ChessBase"]
[SourceQuality "1"]
[TimeControl "40/5400+30:1800+30"]

1. e4 e5 2. Nf3 Nc6 3. Bb5 a6 4. Ba4 Nf6 5. O-O Be7 6. Re1 b5 7. Bb3 O-O 8. h3 Bb7 9. d3 d6 10. a3 h6 {[%emt 0:00:58] 10...Qd7 is setting a new trend. C88: Closed Ruy Lopez: Anti-Marshall Systems.} 11. Nc3 Re8 12. Bd2 Bf8 {[%emt 0:01:31] The position is equal.} 13. Nd5 Rb8 {[%emt 0:00:48] [#]} 14. c4 $146 ({Predecessor:} 14. a4 Nd7 15. axb5 axb5 16. Ne3 Nc5 17. Bd5 Ne7 18. Bxb7 Rxb7 19. Qe2 {½-½ (19) Manakov,I (2303)-Zakharov,A (2131) St Petersburg 2000}) 14... bxc4 15. Bxc4 Nxd5 16. Bxd5 (16. exd5 Ne7 $15) 16... Nd4 17. Bc4 Ne6 18. b4 Qd7 19. Be3 Kh7 20. Qc2 g6 21. d4 exd4 22. Nxd4 ({But not} 22. Bxd4 Nxd4 23. Nxd4 c5 $11) 22... Bg7 23. Rad1 (23. Bxe6 $14 fxe6 24. Rac1) 23... Bxe4 $1 $11 24. Qxe4 Nxd4 25. Qd3 Nb5 26. Rc1 {[%emt 0:01:56] [#] Hoping for a4.} c6 27. Bf4 Rxe1+ 28. Rxe1 Re8 29. Rxe8 Qxe8 30. a4 {[%emt 0:00:21] [#]} (30. Qf3 $11) 30... d5 (30... Qe1+ $1 $17 31. Kh2 (31. Qf1 Qxb4 32. Be3 Qxa4 $17) 31... d5 32. axb5 dxc4 33. Qxc4 axb5 34. Qxf7 Qxf2) 31. Bxb5 $2 (31. Qe2 $11 {and White has nothing to worry.} Qxe2 32. Bxe2) 31... cxb5 $19 ({Avoid the trap} 31... axb5 $2 32. a5 $19) 32. axb5 $11 {[%emt 0:00:25][%mdl 4096] Endgame KQB-KQB} Qe1+ 33. Kh2 Qxb4 34. Qf3 Qxb5 35. Bg3 (35. Bd2 $142 Kg8 36. Qa3) 35... Kg8 $19 {[%emt 0:00:55] aiming for ...a5.} 36. h4 h5 {[%emt 0:00:22] And now ...a5 would win.} 37. Bf4 a5 38. g4 hxg4 39. Qxg4 Qc4 40. Kg3 a4 {[%emt 0:00:23] ( -> ...a3)} 41. h5 Qd3+ (41... gxh5 $142 42. Qf3 h4+ 43. Kxh4 a3 44. Qxa3 Qxf4+ 45. Kh3 d4) 42. f3 Qf5 (42... gxh5 $142 43. Qd7 a3 44. Qe8+ Kh7) 43. Qxf5 gxf5 44. Bc1 Bf8 {[%emt 0:00:25] Weighted Error Value: White=0.80/Black=0.17 (very precise)} 0-1

[Event "FTX Road to Miami Prelims 2022"]
[Site "Online"]
[Date "2022.07.04"]
[Round "1.2"]
[White "Wei, Yi"]
[Black "Wojtaszek, Radoslaw"]
[Result "1-0"]
[ECO "C88"]
[WhiteElo "2727"]
[BlackElo "2708"]
[Annotator "TA"]
[PlyCount "71"]
[EventDate "2022.07.10"]
[EventType "tourn"]
[EventCountry "NET"]
[SourceTitle "playchess.com"]
[Source "ChessBase"]
[SourceQuality "1"]
[TimeControl "40/5400+30:1800+30"]

1. e4 e5 2. Nf3 Nc6 3. Bb5 a6 4. Ba4 Nf6 5. O-O Be7 6. Re1 b5 7. Bb3 O-O 8. a4 Bb7 9. d3 d6 10. Nbd2 Nd7 11. c3 Nc5 12. axb5 $1 {[%emt 0:00:28] The main line 12.axb5 scores better than 12.Bc2.} axb5 13. Rxa8 Qxa8 14. Bc2 {[%emt 0:00:22] C88: Closed Ruy Lopez: Anti-Marshall Systems.} b4 15. d4 bxc3 16. bxc3 {[%emt 0:00:22] The position is equal.} Nd7 17. Nf1 Qa1 18. Ne3 Bf6 ({Much less strong is} 18... Qxc3 19. Nd5 Qa5 20. Re3 $14) 19. d5 Ncb8 20. Ng4 Na6 {[%emt 0:03:27] [#]} 21. Nxf6+ $5 $146 {[%emt 0:10:23][%mdl 8] New and interesting.} ({Predecessor:} 21. Ba4 Nac5 22. Bxd7 Nxd7 23. Nxf6+ Nxf6 24. Qc2 Ra8 25. Bg5 Qa4 26. Qb2 Bc8 27. Bxf6 gxf6 {½-½ (33) Campian,C (2424)-Bucsa,I (2378) ICCF email 2021}) 21... Nxf6 22. Be3 Qxd1 (22... Qxc3 $15 {is superior.} 23. Qd2 Qxd2 24. Nxd2 Ng4) 23. Rxd1 $11 Nd7 (23... Ng4 $5 ) 24. Rb1 Nac5 {[%emt 0:01:31] [#]} 25. Nxe5 $1 {[%emt 0:01:36] White is more active.} dxe5 26. Bxc5 Nxc5 27. Rb5 Ra8 {[%emt 0:01:18][%cal Oc7c6] ...c6! is the strong threat.} 28. h4 Ra1+ 29. Kh2 Rc1 30. Rxc5 Rxc2 31. Rxc7 $16 {[%emt 0:00:22] And now d6 would win. KRB-KR} Rb2 {[%emt 0:00:24] [#]} 32. c4 $1 {[%emt 0:00:30][%cal Bc3c4,Bc4c5,Bc5c6,Bc6c7][%mdl 1056] White has strong compensation.} Kf8 33. c5 f5 $2 (33... Ke8 $16 {is tougher.}) 34. c6 $18 {[%emt 0:00:47] White is clearly winning.} Ba6 35. Ra7 Rb6 36. c7 {[%emt 0:00:22] Weighted Error Value: White=0.08 (flawless) /Black=0.56} 1-0

[Event "FTX Road to Miami Prelims 2022"]
[Site "Online"]
[Date "2022.07.04"]
[Round "1.3"]
[White "Dominguez Perez, Leinier"]
[Black "Rapport, Richard"]
[Result "1/2-1/2"]
[ECO "B60"]
[WhiteElo "2754"]
[BlackElo "2764"]
[Annotator "TA"]
[PlyCount "97"]
[EventDate "2022.07.10"]
[EventType "tourn"]
[EventCountry "NET"]
[SourceTitle "playchess.com"]
[Source "ChessBase"]
[SourceQuality "1"]
[TimeControl "40/5400+30:1800+30"]

1. e4 c5 2. Nf3 Nc6 3. d4 cxd4 4. Nxd4 Nf6 5. Nc3 d6 6. Bg5 Bd7 7. Nxc6 {[%emt 0:00:39] B60: Sicilian: Richter-Rauzer: Unusual Black 6th moves and 6...Bd7 without 7 Qd2.} Bxc6 8. Bxf6 gxf6 9. Bb5 {[%emt 0:00:22] [#] White is slightly better.} Rg8 $146 ({Predecessor:} 9... h5 10. h4 e6 11. O-O Be7 12. Qe2 a6 13. Bxc6+ bxc6 14. g3 Qa5 15. Qf3 Rb8 {0-1 (47) Van Foreest,L (2544)-Lupulescu,C (2659) Reykjavik 2021}) 10. O-O Qd7 11. Qd3 Bh6 (11... f5 $14) 12. a4 a6 13. Bxc6 bxc6 14. a5 Kf8 15. Na4 Ra7 16. Nb6 Qg4 {[%emt 0:00:27][%csl Gg8][%cal Rg4g2] [#]} 17. g3 {[%emt 0:00:21] Active counter play!} Bf4 18. Ra3 h5 19. b4 (19. Rc3 $16) 19... Be5 (19... h4 $14 {is superior.}) 20. Nc4 (20. f3 $16 Qh4 21. Rf2) 20... h4 $14 21. Nxe5 (21. Kg2 {with more complications.} hxg3 22. hxg3 Rh8 23. Rh1) 21... fxe5 22. Rc3 Rc7 $2 (22... Qc8 $11 {and Black is okay.}) 23. Re1 $2 (23. Qxa6 $18 Qxe4 24. Rc4) 23... Qc8 24. Qd2 Ke8 25. Qe2 Qb7 26. Rd1 hxg3 (26... Qxb4 $2 27. Rb3 Qb5 28. Qe3 $18) 27. hxg3 Rh8 (27... Qxb4 $2 28. Rb3 Qb5 29. Qe3 $18) 28. Kg2 Rc8 (28... Qxb4 $2 29. Rb3 Qb5 30. Qf3 $18) 29. Rb3 Qd7 (29... f6 $11) 30. Rh1 (30. Qxa6 $14 Qh3+ 31. Kf3) 30... Rxh1 $15 31. Kxh1 {[%emt 0:00:20][%mdl 4096] Endgame KQR-KQR} Qh3+ 32. Kg1 Kd7 $1 33. Qf3 (33. Qxa6 Rh8 34. Qb7+ Ke6) 33... Rh8 34. c4 ({White should play} 34. Rd3 $15) 34... Ke6 $2 ({Black should try} 34... Qh6 $19 {( -> ...Qc1+)} 35. Rc3 Qd2) 35. b5 $11 {[%emt 0:01:05] The position is equal.} cxb5 36. cxb5 axb5 37. Rxb5 Qh2+ 38. Kf1 {[%emt 0:00:22][%csl Ge4][%cal Rf3f5] [#]} Qh1+ 39. Ke2 Qxf3+ 40. Kxf3 {[%emt 0:00:21] KR-KR} Rh1 ({But not} 40... Ra8 41. Ke3 $14) 41. Rb7 Ra1 42. Ra7 Kf6 43. Ra6 e6 44. Rxd6 {[%emt 0:00:29] aiming for Ra6.} Rxa5 45. Ke3 Ra3+ 46. Ke2 Ra5 47. Ke3 Ra3+ 48. Ke2 Ra5 49. Ke3 {[%emt 0:00:21] Weighted Error Value: White=0.27 (precise) /Black=0.22 (precise)} 1/2-1/2

[Event "FTX Road to Miami Prelims 2022"]
[Site "Online"]
[Date "2022.07.04"]
[Round "1.4"]
[White "Duda, Jan-Krzysztof"]
[Black "Radjabov, Teimour"]
[Result "1-0"]
[ECO "C66"]
[WhiteElo "2750"]
[BlackElo "2738"]
[Annotator "TA"]
[PlyCount "111"]
[EventDate "2022.07.10"]
[EventType "tourn"]
[EventCountry "NET"]
[SourceTitle "playchess.com"]
[Source "ChessBase"]
[SourceQuality "1"]
[TimeControl "40/5400+30:1800+30"]

1. e4 e5 2. Nf3 Nc6 3. Bb5 Nf6 4. d3 d6 5. O-O Bd7 6. c3 g6 7. Re1 Bg7 8. Nbd2 O-O 9. a4 {[%emt 0:00:21][%cal Ba2a4,Ba4a5,Ba5a6][%mdl 32] C66: Ruy Lopez: Steinitz Defence.} Re8 10. Nf1 h6 11. Ng3 {[%emt 0:00:29] [#] White has an edge.} d5 $146 ({Predecessor:} 11... a6 12. Bc4 Be6 13. Bxe6 Rxe6 14. d4 d5 15. c4 dxe4 16. d5 Rd6 17. Nxe4 Nxe4 18. Rxe4 {0-1 (38) Msellek,I (2384)-Nezad,H (2357) Dubai 2021}) 12. a5 a6 13. exd5 (13. Ba4 {is more complex.} dxe4 14. dxe4 Qe7 15. Be3) 13... axb5 14. dxc6 Bxc6 15. Nxe5 Bd5 16. d4 b6 17. a6 Qc8 18. h4 h5 19. Bg5 (19. f4 $16) 19... Nh7 (19... Rxa6 $11 {remains equal.} 20. Rxa6 Qxa6) 20. Nd3 ({Don't do} 20. a7 Qb7 $14) (20. f4 $16) 20... Rxe1+ $11 21. Qxe1 {[%emt 0:00:20] Black must now prevent Nb4.} Nxg5 (21... Rxa6 {is interesting.} 22. Rxa6 Qxa6 23. Qe8+ Bf8) 22. hxg5 {[%emt 0:00:20] [#] Threatens to win with Nb4.} Rxa6 23. Rxa6 Qxa6 24. Qe8+ Kh7 (24... Bf8 $1 $11 {keeps the balance.}) 25. Nf4 $36 {[%emt 0:00:21][%mdl 2048] Black is under strong pressure.} Qa8 {[%emt 0:01:40] [#]} ({Black should play} 25... Qa2) 26. Qxb5 (26. Qd7 $142 $1 c6 27. Nxd5 cxd5 28. Qxb5 (28. Qxf7 Qa1+ 29. Kh2 Qxb2 $16)) 26... Bc6 27. Qc4 Qe8 28. Nf1 b5 29. Qd3 Qd8 30. d5 Qxg5 31. dxc6 Qxf4 32. Qxb5 {[%emt 0:00:20][%mdl 4096] Endgame KQB-KQN} h4 (32... Qe4 $142) 33. Ne3 Be5 34. Kf1 {[%emt 0:00:31] Active counter play!} Kg7 35. Qc4 f5 $2 {[%emt 0:00:46][%mdl 8192] A mistake that costs the game.} (35... Qh6 $16) 36. Qxf4 $18 Bxf4 {[%emt 0:00:22] KB-KN} 37. Nd5 Bd6 38. b4 Kf7 39. f4 Ke6 40. c4 Bf8 41. Nxc7+ Kd6 42. Nd5 {[%emt 0:00:21] And now b5 would win.} Kxc6 43. Kg1 {[%emt 0:00:26] aiming for Kh2.} Kd6 44. Kh2 Bh6 45. Kh3 g5 46. b5 {[%emt 0:00:27][%cal Bb4b5,Bb5b6,Bb6b7][%mdl 32] Hoping for b6.} gxf4 47. Kxh4 Kc5 48. b6 {[%emt 0:00:23] Intending b7 and mate.} Bf8 49. b7 Bd6 50. Kg5 $1 Kxc4 {[%emt 0:00:37] White mates.} 51. Nxf4 Kc5 52. Kxf5 Kc6 53. g4 Kxb7 54. g5 Kc6 55. g6 Bf8 56. Ne6 {[%emt 0:00:30] Weighted Error Value: White=0.13 (very precise) /Black=0.43} 1-0

[Event "FTX Road to Miami Prelims 2022"]
[Site "Online"]
[Date "2022.07.04"]
[Round "1.5"]
[White "Mamedyarov, Shakhriyar"]
[Black "Aronian, Levon"]
[Result "1-0"]
[ECO "D27"]
[WhiteElo "2759"]
[BlackElo "2775"]
[Annotator "TA"]
[PlyCount "93"]
[EventDate "2022.07.10"]
[EventType "tourn"]
[EventCountry "NET"]
[SourceTitle "playchess.com"]
[Source "ChessBase"]
[SourceQuality "1"]
[TimeControl "40/5400+30:1800+30"]

1. d4 d5 2. c4 dxc4 3. Nf3 Nf6 4. e3 e6 5. Bxc4 a6 6. O-O c5 7. b3 b6 {[%emt 0:00:21] D27: Queen's Gambit Accepted: Classical main line: 7 e4!? and 7 a4.} 8. Ba3 Nbd7 9. d5 exd5 {[%emt 0:00:21] White is slightly better.} 10. Bxd5 Rb8 {[%emt 0:00:21] [#]} 11. e4 $146 ({Predecessor:} 11. Bb2 Be7 12. Nc3 O-O 13. Qc2 b5 14. Rfd1 Qc7 15. a4 h6 16. axb5 axb5 17. Qe2 {0-1 (34) Praggnanandhaa,R (2612)-Carlsen,M (2865) Wijk aan Zee 2022}) 11... Be7 12. Nc3 O-O 13. Bb2 b5 14. Qc2 b4 15. Ne2 Nxd5 16. exd5 Bf6 17. Rfd1 Re8 18. Rac1 Bxb2 19. Qxb2 Qf6 20. Qxf6 Nxf6 21. Ng3 Rb5 22. h3 (22. Nd2 $5 ) 22... Kf8 23. d6 Nd7 24. Nd2 Re6 25. Nc4 g6 26. Nf1 Ke8 27. f3 Kd8 28. Kf2 Bb7 29. Nfe3 Bc6 30. Re1 {[%emt 0:01:00] White is more active.} h5 31. h4 Rb8 32. Nf1 (32. Na5 $16 Ba8 33. Rcd1) 32... Bd5 $11 {[%emt 0:00:48] [#] ...Bxc4 is the strong threat.} 33. Nfd2 $36 {[%emt 0:00:57][%mdl 2048] White is pushing.} Rc8 (33... Kc8 $11 {keeps the balance.}) 34. Rxe6 $16 (34. g4 {is more complex.} hxg4 35. fxg4 Ke8 36. Rxe6+ Bxe6 37. Re1) 34... Bxe6 35. Na5 Bd5 36. Re1 Be6 {[%emt 0:01:03] This costs Black the game.} (36... Rb8 $1 $14) 37. Ne4 $18 Ke8 38. Ng5 {[%emt 0:00:24] Pair of Knights!} Nf8 (38... Nb6 $142 39. Nxe6 fxe6) 39. Nc4 Rc6 $2 (39... Rb8 40. Ne5 a5 41. Ngxf7 Bxf7) 40. g4 a5 41. gxh5 gxh5 42. f4 Kd7 {[%emt 0:00:37] [#]} 43. Nxf7 $1 {[%emt 0:01:20][%mdl 512] Black must now prevent Nfe5+.} Ra6 (43... Kc8 44. Nfe5) 44. f5 {[%emt 0:01:05] Inhibits Ng6.} Bxf5 (44... Bxc4 $142 45. bxc4 Ra8 46. Re7+ Kc6 47. Rc7+ Kb6) 45. Re7+ {[%emt 0:00:23] White is clearly winning.} Kc6 46. Nfe5+ Kd5 47. Rf7 {[%emt 0:00:24][%csl LRf5,LRf8] Weighted Error Value: White=0.10 (very precise) /Black=0.23 (precise)} 1-0

[Event "FTX Road to Miami Prelims 2022"]
[Site "Online"]
[Date "2022.07.04"]
[Round "1.6"]
[White "Erigaisi Arjun"]
[Black "Sevian, Samuel"]
[Result "1/2-1/2"]
[ECO "E20"]
[WhiteElo "2689"]
[BlackElo "2684"]
[Annotator "TA"]
[PlyCount "129"]
[EventDate "2022.07.10"]
[EventType "tourn"]
[EventCountry "NET"]
[SourceTitle "playchess.com"]
[Source "ChessBase"]
[SourceQuality "1"]
[TimeControl "40/5400+30:1800+30"]

1. d4 Nf6 2. c4 e6 3. Nc3 Bb4 4. f3 c5 5. d5 O-O 6. e4 d6 7. Nge2 b5 8. Ng3 {[%emt 0:00:30] E20: Nimzo-Indian: 4 g3 and 4 f3.} (8. cxb5 exd5 9. exd5 Nbd7 $15) 8... Re8 9. Bf4 (9. cxb5 exd5 10. Be2 Qb6 $15) 9... Qb6 {[%emt 0:01:57] [#]} 10. Bg5 $146 (10. cxb5 exd5 11. Be2 Nbd7 12. exd5 c4 $15) (10. Kf2 $14) ({Predecessor:} 10. Bd2 exd5 11. Nxd5 Nxd5 12. cxd5 Bxd2+ 13. Qxd2 Nd7 14. Be2 c4 15. h4 Ne5 16. h5 {0-1 (31) Smith,A (2469)-Cramling,P (2479) Eskilstuna 2019}) 10... Nbd7 $15 11. dxe6 fxe6 12. cxb5 (12. Rb1 $15) 12... d5 $1 $17 {[%emt 0:00:33] Threatening ...c4.} 13. a3 (13. exd5 exd5+ 14. Be2 c4 $17) 13... Ba5 {[%emt 0:00:40] ...c4 is the strong threat.} 14. Bd2 (14. exd5 exd5+ 15. Be2 c4 $17) ({White should try} 14. Be3 $1 $15) 14... c4 15. Be2 Bb7 16. b4 {[%emt 0:00:30] Inhibits Nc5.} cxb3 $1 17. Na4 Qd4 18. Bxa5 Qxa4 19. Bb4 dxe4 20. fxe4 Rad8 (20... b2 $6 21. Rb1 Qxd1+ 22. Bxd1 $11) (20... a5 $17 21. bxa6 Bxa6) 21. O-O $1 $11 Nc5 $36 {[%emt 0:01:23][%cal Bd7c5,Bc5e4,Be4g3][%mdl 2080] Black is pushing.} 22. Qb1 (22. Qe1 $11 Ncxe4 23. Rb1) 22... Ncxe4 $17 {[%emt 0:00:35][%cal Od8d2] Strongly threatening ...Rd2!} 23. Qb2 {[%emt 0:00:40] Inhibits Rd2.} Nxg3 24. hxg3 {[%emt 0:00:20] aiming for Rxf6.} Nd5 ({Black should play} 24... a5 $1 $17 25. bxa6 Bxa6 26. Bxa6 Qxa6 27. Qxb3 Qb6+ 28. Kh1 Rd5) 25. Bh5 (25. Rac1 $1 $14 {is more appropriate.}) 25... g6 $11 26. Qe5 $2 (26. Qf2 $11 {and White stays safe.} gxh5 27. Qf7+ Kh8 28. Qxh5) 26... Qxb5 $19 (26... gxh5 27. Qg5+ Kh8 28. Rf7 Rg8 29. Qe5+) (26... Nxb4 27. Bxg6 (27. axb4 $2 Qxb4 28. Bf3 Bxf3 $19) 27... Bf3 28. Rxf3 hxg6 29. Rf6 Re7 30. Rxg6+ Kf7 31. Rf1+ Ke8 32. Rg8+ Kd7 33. Rd1+ Nd5 34. Rxd5+ exd5 35. Qxd5+ Kc8 36. Qxd8+ Kb7 37. Qb8#) 27. Kh2 {[%emt 0:01:48] [#]} (27. Rf2 $142) 27... Qb6 $2 (27... gxh5 28. Qg5+ Kh8 29. Rf7 Rg8 30. Qe5+) (27... Nc7 $1 $19 28. Qxb5 (28. Qxc7 $2 Rd7 $19) 28... Nxb5) 28. Bd2 $2 Qc7 (28... gxh5 29. Qg5+ Kh8 30. Rf7) 29. Qg5 Qe7 30. Bd1 {[%emt 0:00:28] [#]} (30. Bf3 {was necessary.}) 30... Ba6 $1 31. Re1 (31. Qxe7 Rxe7 32. Rf3) 31... Qxg5 32. Bxg5 Rb8 {[%emt 0:00:20] White must now prevent ...b2.} 33. Rb1 b2 34. Ba4 Rec8 ({Not} 34... Bb5 35. Bb3 $17) (34... Rf8 $142 35. Bd7 Nc3 36. Bxe6+ Kg7) 35. Bd7 Nc3 $2 (35... Rc5 $19 36. Bxe6+ Kg7) 36. Bxe6+ $11 {[%emt 0:00:28] This bishop pair is nice.} Kg7 37. Bxc8 Bxc8 38. Bf4 Rb5 {[%emt 0:00:25] And now ...Kf7 would win.} (38... Nxb1 $2 39. Bxb8 Nxa3 40. Be5+ Kf7 41. Bxb2 $16 (41. Rf1+ Ke6 $16)) 39. Rxb2 Rxb2 40. Be5+ Kf7 {[%emt 0:00:25] Hoping for ...Rc2.} 41. Bxc3 {[%emt 0:30:20][%mdl 4096] Endgame KRB-KRB} ({But not} 41. Rf1+ Ke6 42. Bxc3 Rc2 $15) 41... Rc2 42. Bb4 Rc7 43. Rf1+ Kg8 44. Rf8+ Kg7 45. Rd8 Bf5 46. Bd6 Rb7 47. Bc5 {[%emt 0:00:34] The position is equal.} h5 48. Ra8 Be4 49. Rxa7 Rxa7 50. Bxa7 {[%emt 0:00:20] KB-KB} Bc6 51. Kg1 Kf6 52. Kf2 Kf5 53. Bd4 g5 54. Bc3 Kg4 55. Bb4 h4 56. gxh4 gxh4 57. Be7 h3 58. gxh3+ Kxh3 59. Ke3 Be8 60. Kd4 Kg4 61. Kc5 Kf5 62. Kb4 Ke6 63. Bc5 Kd5 64. a4 Bxa4 65. Kxa4 {[%emt 0:00:20] And White is the lucky defender.  Weighted Error Value: White=0.32/Black=0.25 (precise)} 1/2-1/2

[Event "FTX Road to Miami Prelims 2022"]
[Site "Online"]
[Date "2022.07.04"]
[Round "1.7"]
[White "Ju, Wenjun"]
[Black "Tari, Aryan"]
[Result "0-1"]
[ECO "D37"]
[WhiteElo "2560"]
[BlackElo "2672"]
[Annotator "TA"]
[PlyCount "120"]
[EventDate "2022.07.10"]
[EventType "tourn"]
[EventCountry "NET"]
[SourceTitle "playchess.com"]
[Source "ChessBase"]
[SourceQuality "1"]
[TimeControl "40/5400+30:1800+30"]

1. d4 Nf6 2. c4 e6 3. Nf3 d5 4. Nc3 h6 5. g3 Bd6 6. Bg2 {[%emt 0:00:42] D37: Queen's Gambit Declined: 5 Bf4.} O-O 7. O-O Nc6 8. b3 {[%emt 0:01:38] White is slightly better.} dxc4 9. bxc4 e5 10. e3 exd4 11. exd4 {[%emt 0:00:23] [#]} Bf5 $146 ({Predecessor:} 11... Re8 12. Be3 Bf5 13. Qb3 b6 14. c5 bxc5 15. dxc5 Rxe3 16. fxe3 Bxc5 17. Kh1 Bxe3 {1-0 (39) Howell,D (2658)-Yakubboev,N (2621) Riga 2021}) 12. Bb2 Re8 13. Nb5 Be4 14. Nxd6 cxd6 15. d5 Na5 16. Rc1 Rc8 17. Qd4 Qb6 18. Nd2 (18. Qxb6 $11 axb6 19. Bxf6 gxf6 20. Rfe1) 18... Qxd4 $15 19. Bxd4 {[%emt 0:00:20] This bishop pair is nice.} Bd3 20. Rfd1 Nxc4 21. Rc3 Be2 22. Rdc1 b5 23. Nxc4 Bxc4 24. Bxa7 Ra8 25. Ra3 Re2 26. Bc5 Rae8 {[%emt 0:00:21] [#] Hoping for ...Re1+.} 27. Bb4 {[%emt 0:00:26] Against Re1+} Nxd5 28. Bxd5 Bxd5 29. Ra5 Rb2 {[%emt 0:01:12] 0x0.0022fd4ef2abdp-1022s more active pieces.} 30. a3 (30. Rxb5 $15 Bxa2 31. Ra5) 30... Bf3 31. Rxb5 d5 32. Rb6 d4 {[%emt 0:00:30] Strongly threatening ...Ree2.} 33. Rd6 Ree2 (33... Re4 $5 ) 34. Rf1 Bg4 35. Bc5 Bh3 36. Bxd4 Bxf1 37. Bxb2 $11 {[%emt 0:00:21][%mdl 4096] Endgame KRB-KRB} Bh3 38. Bc3 {[%emt 0:00:31] Inhibits Re1+.} Rc2 {[%emt 0:00:21] ( -> ...Rc1+)} 39. Be1 Ra2 (39... Rc1 $5 40. Rd8+ Kh7 $11) 40. Rd1 Rxa3 41. Rc1 h5 42. Bd2 Ra2 43. Be3 f6 44. Bd4 Kh7 45. Ra1 Rc2 46. Be3 Kg6 47. Rc1 Ra2 48. Rb1 Kf5 49. Rc1 g5 50. Rb1 Ke4 51. Rc1 h4 52. Rb1 hxg3 53. hxg3 Bg4 54. Re1 Be2 55. g4 (55. Kg2 $11) 55... Kf3 $1 $15 56. Bd4 {[%emt 0:00:23] [#] Loses the game.} (56. Kh2 $15) 56... Ra4 $1 $19 ({And not} 56... Kxg4 57. Bxf6 Bf3 58. Kh2 $11) 57. Bxf6 (57. Bc5 $19) 57... Rxg4+ {[%emt 0:00:21] Black mates.} 58. Kh2 Kxf2 59. Rxe2+ Kxe2 60. Kh3 Kf3 {[%emt 0:00:21] Weighted Error Value: White=0.25 (precise) /Black=0.05 (flawless)} 0-1

[Event "FTX Road to Miami Prelims 2022"]
[Site "Online"]
[Date "2022.07.04"]
[Round "1.8"]
[White "Giri, Anish"]
[Black "Xiong, Jeffery"]
[Result "0-1"]
[ECO "C42"]
[WhiteElo "2760"]
[BlackElo "2691"]
[Annotator "TA"]
[PlyCount "118"]
[EventDate "2022.07.10"]
[EventType "tourn"]
[EventCountry "NET"]
[SourceTitle "playchess.com"]
[Source "ChessBase"]
[SourceQuality "1"]
[TimeControl "40/5400+30:1800+30"]

1. e4 e5 2. Nf3 Nf6 3. Nxe5 d6 4. Nf3 Nxe4 5. d4 d5 6. Bd3 Be7 7. O-O Bf5 8. Re1 O-O 9. Nbd2 {[%emt 0:00:21][%cal Rd2e4,Bb1d2,Bd2f1,Bf1g3][%mdl 32] is now more promising than 9.c4. C42: Petroff Defence: 3 Nxe5 and unusual White 3rd moves.} Nd6 $1 10. Nf1 Bg6 $5 {[%emt 0:00:22][%mdl 4] A promising side line.} 11. Ne5 {[%emt 0:00:22] White is slightly better.} Bxd3 {[%emt 0:00:24] [#]} 12. Nxd3 $146 ({Predecessor:} 12. Qxd3 Nd7 13. Ng3 Re8 14. Bf4 c6 15. Re2 Nf8 16. Rae1 Ne6 17. Bd2 Bf6 18. Nh5 Bxe5 19. dxe5 {0-1 (41) Ivic,V (2628)-Xiong,J (2688) Chess.com INT 2022}) 12... Re8 13. Ng3 Nd7 14. c3 Nf8 15. Qb3 c6 16. Bf4 {[%emt 0:00:22] Threatening Bxd6.} b6 17. Qa4 Nb5 18. Ne5 Qc8 19. c4 dxc4 20. Qxc4 Qe6 {[%emt 0:01:22] White should prevent ...Qxc4.} 21. Qxe6 (21. d5 {is more complex.} Qxd5 22. Qxc6 Qxc6 23. Nxc6 Bf6 24. Nf5) 21... Nxe6 22. Nxc6 Nbxd4 23. Nxe7+ Rxe7 24. Rac1 {[%emt 0:00:24] Prevents Nc2.} Rd7 25. Be3 Rad8 26. Kf1 f6 27. b4 Kf7 28. a4 Rd5 29. Ne4 Nf5 30. Rc4 Nxe3+ 31. fxe3 Rd3 32. Nc3 R8d7 33. Kf2 $1 h5 $36 {[%emt 0:00:57][%mdl 2048] Black has good play.} 34. h4 (34. a5 $15) 34... Nf8 $17 {[%emt 0:00:29] Black converts the advantage convincingly.} 35. Nb5 Ng6 {[%emt 0:00:50] ...Ne5 is the strong threat.} 36. Rd4 R7xd4 37. exd4 ({White has to play} 37. Nxd4 $15 Ne5 38. b5) 37... Nxh4 $19 38. Nxa7 Rxd4 $17 {[%emt 0:00:25][%mdl 4096] Endgame KRN-KRN} 39. Nc6 (39. Rb1 $17) 39... Rc4 $19 ({Inferior is} 39... Rd2+ 40. Re2 Rxe2+ 41. Kxe2) 40. Re7+ {[%emt 0:00:37] [#]} Kg6 $1 ({Worse is} 40... Kf8 41. Rc7 Rc2+ 42. Ke3 Nxg2+ 43. Ke4 Re2+ 44. Kf3) 41. Re6 Rc2+ 42. Kg3 $2 (42. Kf1 {was the crucial defense.}) 42... Kg5 43. a5 bxa5 44. bxa5 Rxg2+ 45. Kh3 Ra2 {[%emt 0:00:21] Strongly threatening ...Nf3.} 46. Re3 {[%emt 0:00:29] Inhibits Nf3.} (46. Re7 $142 g6 47. Nd8) 46... Kf4 47. Rb3 g5 48. Rb4+ Ke3 49. Rb3+ Ke4 50. Rb4+ Kd5 51. Rb6 Kc5 52. Ne7 {[%emt 0:00:25] Against Nf5} Ra3+ 53. Kh2 g4 54. Rc6+ Kb5 (54... Kd4 $142 {( -> ...g3+)} 55. Rc1 f5) 55. Rxf6 (55. Rb6+ $19 Kc5 56. Rc6+ Kd4 57. Rxf6) 55... g3+ 56. Kg1 g2 57. Rb6+ Ka4 {[%emt 0:00:36] Black is clearly winning.} 58. Rb1 {[%emt 0:00:22] [#] Against Ra1} Ra2 $1 59. Kh2 Nf3+ {[%emt 0:00:23] Weighted Error Value: White=0.42/Black=0.12 (very precise)} 0-1